AoeStats
← 公鸡神探

Arabia

507490256Analyzed
4v4 RM · 14d ago on Sep 18, 2026· 68m 7s· 8 players
Game mode
Random Map
Map size
Large (8 player)
Population
200
Speed
Normal
Resources
Standard
Victory
Conquest
Starting age
Dark Age
Ending age
Imperial Age
RankedLock teamsTeams togetherTeam positionsShared explorationLock speedFull tech treeHidden civsTurbo modeCheats
Victory
Defeat
🇨🇳 Vikings · China
1163
+15
🇨🇳 Franks · China
1146
+15
🇹🇼 Shu · Taiwan
1131
+16
1085
+18
🇨🇳 Khitans · China
1198
-35
🇩🇪 Ethiopians · Germany
1131
-16
🇩🇪 Franks · Germany
1120
-16
🇪🇸 Byzantines · Spain
1067
-13
公鸡神探
9:44 Loom
12:13 Feudal Age
13:26 Double-Bit Axe
16:29 Fletching
17:36 Horse Collar
22:48 Castle Age
24:39 Bodkin Arrow
24:07 Crossbowman
25:36 Bow Saw
28:00 Pikeman
29:54 Padded Archer Armor
30:39 Leather Archer Armor
31:59 Ballistics
35:15 Imperial Age
35:21 Imperial Age
35:23 Arbalester
36:14 Bracer
36:45 Ring Archer Armor
38:13 Conscription
39:10 Chemistry
40:12 Two-Man Saw
39:36 Bogsveigar
46:30 Capped Ram
48:28 Scale Mail Armor
48:38 Forging
47:50 Elite Berserk
49:11 Chain Mail Armor
48:30 Siege Ram
50:53 Plate Mail Armor
52:54 Iron Casting
55:28 Gold Mining
55:28 Stone Mining
56:43 Blast Furnace
67:14 Chieftains
Kago Mizore
7:08 Loom
10:14 Feudal Age
12:44 Double-Bit Axe
13:11 Fletching
13:33 Horse Collar
21:31 Castle Age
20:11 Scale Barding Armor
22:53 Chain Barding Armor
22:36 Husbandry
22:58 Bow Saw
23:43 Town Watch
30:20 Stone Mining
33:46 Wheelbarrow
36:52 Imperial Age
34:32 Squires
35:39 Heavy Plow
36:17 Scale Mail Armor
36:34 Gold Mining
37:17 Forging
37:27 Elite White Feather Guard
39:25 Chain Mail Armor
45:12 Bolt Magazine
45:17 Coiled Serpent Array
45:39 Conscription
46:27 Plate Mail Armor
48:25 Conscription
48:49 Bodkin Arrow
49:52 Gold Shaft Mining
49:55 Hand Cart
50:14 Bracer
50:19 Arson
49:56 Crossbowman
53:18 Padded Archer Armor
52:41 Arbalester
53:28 Thumb Ring
55:53 Leather Archer Armor
57:19 Ring Archer Armor
56:57 Bolt Magazine
61:41 Coiled Serpent Array
62:53 Town Patrol
64:47 Two-Man Saw
64:31 Ballistics
无甲的joe
6:53 Loom
9:20 Feudal Age
12:29 Forging
12:47 Scale Barding Armor
21:06 Double-Bit Axe
24:08 Castle Age
23:38 Gold Mining
25:01 Scale Mail Armor
25:23 Chain Barding Armor
25:39 Iron Casting
26:38 Gold Shaft Mining
41:09 Imperial Age
39:14 Wheelbarrow
38:25 Town Watch
39:00 Stone Mining
41:41 Cavalier
42:21 Husbandry
45:32 Plate Barding Armor
48:06 Blast Furnace
48:54 Bow Saw
52:28 Light Cavalry
61:25 Chivalry
61:46 Conscription
翻斗花园突破手绫小路
12:09 Feudal Age
13:16 Double-Bit Axe
16:01 Castle Age
13:52 Double-Bit Axe
14:13 Horse Collar
17:03 Loom
17:56 Wheelbarrow
19:02 Scale Barding Armor
19:09 Forging
19:01 Scale Mail Armor
21:18 Gold Mining
21:19 Stone Mining
30:05 Chain Barding Armor
30:21 Iron Casting
32:42 Chain Mail Armor
36:16 Gold Shaft Mining
36:27 Light Cavalry
37:18 Bloodlines
37:08 Husbandry
38:51 Stone Shaft Mining
41:25 Imperial Age
39:22 Pikeman
44:29 Plate Barding Armor
45:52 Blast Furnace
48:17 Halberdier
48:59 Squires
48:40 Halberdier
49:20 Squires
49:57 Hand Cart
49:27 Town Watch
54:09 Plate Mail Armor
56:38 Conscription
57:17 Town Patrol
62:57 Bagains
67:33 Stirrups
jax0n
6:16 Loom
9:33 Feudal Age
12:12 Double-Bit Axe
24:05 Gold Mining
25:12 Fletching
25:23 Padded Archer Armor
33:02 Castle Age
30:45 Horse Collar
33:03 Crossbowman
33:40 Bodkin Arrow
34:07 Thumb Ring
43:54 Bow Saw
48:52 Imperial Age
48:08 Leather Archer Armor
49:29 Ballistics
49:13 Arbalester
PILLOSAURIO
6:46 Loom
7:39 Loom
10:15 Feudal Age
11:00 Double-Bit Axe
17:53 Horse Collar
18:16 Gold Mining
20:32 Castle Age
19:28 Padded Archer Armor
20:57 Elite Skirmisher
21:56 Bow Saw
23:45 Wheelbarrow
23:18 Fletching
24:47 Heavy Plow
25:57 Bodkin Arrow
26:39 Stone Mining
28:09 Redemption
33:45 Imperial Age
33:51 Cavalier
35:25 Scale Barding Armor
36:02 Crop Rotation
36:34 Chain Barding Armor
36:25 Forging
37:05 Husbandry
37:07 Heavy Camel Rider
42:07 Hand Cart
42:34 Plate Barding Armor
44:25 Gold Shaft Mining
46:36 Iron Casting
46:45 Paladin
48:10 Bracer
48:25 Light Cavalry
50:12 Conscription
51:03 Stone Shaft Mining
50:34 Scale Mail Armor
51:02 Capped Ram
53:06 Leather Archer Armor
56:19 Hussar
60:45 Ring Archer Armor
hurricanehoffmann
6:41 Loom
9:26 Feudal Age
10:24 Double-Bit Axe
16:39 Scale Barding Armor
20:26 Forging
26:18 Castle Age
24:32 Gold Mining
27:20 Chain Barding Armor
27:37 Iron Casting
29:49 Husbandry
37:34 Wheelbarrow
53:01 Hand Cart
orange
5:37 Loom
11:06 Feudal Age
15:27 Castle Age
16:13 Double-Bit Axe
21:26 Domestication
23:04 Wheelbarrow
27:44 Husbandry
34:44 Imperial Age
33:36 Forging
33:31 Scale Barding Armor
35:07 Hand Cart
34:44 Gold Mining
35:53 Iron Casting
34:58 Elite Steppe Lancer
36:58 Chain Barding Armor
46:16 Plate Barding Armor
48:42 Conscription
48:46 Ordo Cavalry
48:21 Light Cavalry
49:30 Elite Liao Dao
50:15 Scale Mail Armor
53:45 Chain Mail Armor
55:01 Plate Mail Armor
57:13 Hussar
Connection lost

Rejoining the realm…

Still unreachable

The connection could not be restored.

Session expired

The server has moved on; the page needs a fresh start.